 Dungeon Crawl Stone Soup version 0.32-a0-913-g739538a (webtiles) character file.

Game seed: 17288166816292596250

13370 Shrooty the Fighter (level 11, -3/104 HPs)
             Began as a Minotaur Fighter on Apr 8, 2024.
             Was a Believer of Beogh.
             Slain by an orc warlord
             ... wielding a +2 battleaxe
              (15 damage)
             ... on level 2 of the Orcish Mines.
             The game lasted 00:30:41 (10915 turns).

Shrooty the Fighter (Minotaur Fighter)             Turns: 10915, Time: 00:30:41

Health: -3/104     AC: 15    Str: 28    XL:     11   Next: 74%
Magic:  0/19       EV:  9    Int:  5    God:    Beogh [**....]
Gold:   1147       SH:  8    Dex: 10    Spells: 10/10 levels left

rFire   . . .        o - +7 hand axe of the Median {heavy, *Rage rPois rN+ Str+3}
rCold   . . .        B - +2 buckler
rNeg    + . .        H - +3 ring mail {Will+}
rPois   +            (helmet restricted)
rElec   .            (no cloak)
rCorr   +            I - +2 pair of gloves
SInv    .            k - +0 pair of boots
Will    +....        m - amulet of guardian spirit Stlth
                     s - ring of resist corrosion
HPRegen 0.37/turn    f - ring of magical power
MPRegen 0.16/turn

%: random rage (20%), guardian spirit
@: on berserk cooldown, slowed, very slow
A: horns 2, retaliatory headbutt
a: Renounce Religion, Smiting


You were on level 2 of the Orcish Mines.
You worshipped Beogh.
Beogh was pleased with you.
You visited 3 branches of the dungeon, and saw 15 of its levels.
You also visited: Ossuary.

You collected 1147 gold pieces.

Inventory:

Hand Weapons
 a - a +0 flail
 o - the +7 hand axe of the Median (weapon) {heavy, *Rage rPois rN+ Str+3}
   (You found it on level 2 of the Dungeon)

   Str+3:     It affects your strength (+3).
   rPois:     It protects you from poison.
   rN+:       It protects you from negative energy.
   *Rage:     It berserks you when you make melee attacks (+20% chance).
 F - a +3 falchion
 O - a +2 battleaxe
Missiles
 N - 4 curare-tipped darts (quivered)
Armour
 b - a +0 scale mail
 c - a +0 buckler
 k - a +0 pair of boots (worn)
 B - a +2 buckler (worn)
 H - a +3 ring mail of willpower (worn)
 I - a +2 pair of gloves (worn)
 M - a +0 plate armour
 S - a +0 troll leather armour
 U - a +0 helmet
Jewellery
 f - a ring of magical power (right hand)
 j - an amulet of faith
 m - an amulet of guardian spirit (around neck)
 s - a ring of resist corrosion (left hand)
 w - a ring of protection from cold
 E - an amulet of magic regeneration
 G - a ring of magical power
 L - a ring of protection from cold
 R - a ring of positive energy
Scrolls
 e - 7 scrolls of teleportation {unknown}
 h - 5 scrolls of vulnerability {unknown}
 l - 4 scrolls of enchant weapon {unknown}
 p - 3 scrolls of poison {unknown}
 r - 5 scrolls of identify {unknown}
 v - 2 scrolls of enchant armour {unknown}
 x - 2 scrolls of blinking {unknown}
 y - 2 scrolls of amnesia {unknown}
 z - 2 scrolls of fog {unknown}
 C - a scroll of revelation {unknown}
 K - a scroll of noise {unknown}
 Q - a scroll of butterflies {unknown}
 T - 2 scrolls of fear {unknown}
Potions
 d - a potion of might
 g - 5 potions of degeneration {unknown}
 i - 4 potions of mutation {unknown}
 n - 2 potions of resistance {unknown}
 q - 2 potions of haste {unknown}
 t - 11 potions of curing {unknown}
 u - 4 potions of heal wounds {unknown}
 A - a potion of invisibility {unknown}
 D - 4 potions of lignification {unknown}
 J - a potion of enlightenment {unknown}
 P - 4 potions of attraction {unknown}


   Skills:
 + Level 12.0 Fighting
 + Level 11.2(11.4) Axes
 - Level 3.3(7.9) Maces & Flails
 + Level 11.9 Armour
 + Level 11.9 Shields


You had 10 spell levels left.
You didn't know any spells.
Your spell library contained the following spells:

 Spells                   Type           Power      Damage    Failure   Level
 Blink                    Tloc           0%         N/A       75%         2
 Cigotuvi's Dreadful Rot  Necr/Alch/Air  0%         N/A       75%         2
 Lesser Beckoning         Tloc           0%         N/A       75%         2
 Mercury Vapours          Alch/Air       0%         N/A       75%         2
 Momentum Strike          Conj/Tloc      0%         3d8       75%         2
 Static Discharge         Conj/Air       0%         3-3/arc   75%         2
 Inner Flame              Hex/Fire       0%         N/A       93%         3
 Mephitic Cloud           Conj/Alch/Air  0%         N/A       93%         3
 Passwall                 Erth           0%         N/A       93%         3
 Stone Arrow              Conj/Erth      0%         3d7       93%         3
 Tukima's Dance           Hex            0%         N/A       93%         3
 Volatile Blastmotes      Fire/Tloc      0%         2d10      93%         3
 Airstrike                Air            0%         2d(0-16)  100%        4
 Animate Armour           Summ/Erth      0%         N/A       100%        4
 Dimensional Bullseye     Hex/Tloc       0%         N/A       100%        4
 Dispel Undead            Necr           0%         3d6       100%        4
 Iskenderun's Mystic Bla Conj/Tloc 0%             2d3        (+2d1     100%        4
 Martyr's Knell           Necr/Summ      0%         N/A       100%        4
 Olgreb's Toxic Radiance  Alch           0%         N/A       100%        4
 Summon Lightning Spire   Summ/Air       0%         N/A       100%        4
 Vhi's Electric Charge    Tloc/Air       0%         N/A       100%        4
 Freezing Cloud           Conj/Ice/Air   0%         6-21      100%        5
 Irradiate                Conj/Alch      0%         3d11      100%        5
 Bombard                  Conj/Erth      0%         9d1       100%        6
 Ozocubu's Refrigeration  Ice            0%         4d7       100%        7
 Discord                  Hex            0%         N/A       100%        8
 Ignition                 Fire           0%         3d3       100%        8
 Lehudib's Crystal Spear  Conj/Erth      0%         10d2      100%        8


Dungeon Overview and Level Annotations

Branches:
Dungeon (12/15)            Temple (0/1) D:6            Lair (1/5) D:10
    Orc (2/2) D:10            Elf (0/3) Orc:2       Ossuary (visited)

Altars:
Hepliaklqana
Kikubaaqudgha
Sif Muna
Trog
Zin

Shops:
D:10 ([

Annotations:
D:9 2 runed translucent doors, Lovepenguin's ghost, journeyman SpBr


Innate Abilities, Weirdness & Mutations

Your facial features look somewhat orcish.
You have a pair of horns on your head.
You reflexively headbutt those who attack you in melee.


Message History

You slash the orc warlord!
The orc warlord is lightly wounded.
You miss something.
You hear a shout!
You block the orc warlord's attack. Something hits you but does no damage.
You block the orc warrior's attack.
You hit the orc warlord but do no damage.
Your headbutt misses the orc warlord.
The orc warlord is lightly wounded.
You hit something.
The orc warrior no longer looks unusually strong.
The orc priest mumbles some strange prayers to Beogh against you.
Beogh smites you!
The orc warrior hits you from afar with a +0 trident.
Something hits you but does no damage.
The orc warrior unwields a +0 mace.
The orc warrior wields a +0 orcbow.
The orc warrior shoots an arrow.
You block the arrow.
The orc warlord hits you with a +2 battleaxe!!
* * * LOW HITPOINT WARNING * * *
The orc warrior hits you from afar with a +0 trident.
* * * LOW HITPOINT WARNING * * *
Something hits you but does no damage.
You hear two shouts!
You hit the orc warlord.
The orc warlord is lightly wounded.
You slice the orc!!
You kill the orc!
Beogh accepts your kill.
You barely miss something.
You hear a shout!
The orc warrior no longer looks unusually strong.
The orc warlord roars a battlecry!
The orc warriors go into a battle-frenzy!
The orc warrior throws a boomerang.
The boomerang hits you but does no damage.
Something hits you but does no damage.
The orc warrior shoots an arrow.
You block the arrow.
The orc warlord hits you with a +2 battleaxe!
You die...
Beogh appreciates the orc warlord's killing of a heretic priest.

..†......
.)................#
)....>............#
#.................##
...................#
...................#
..................#####).
.#.#............o.oß.....
..#.............@)oo.....
.##...#....#..#..).......
.....####.....#..........
.##.## #....###...ß.....
##### ##.### ##.#####..
### ... . #.## #.#


You could see an orc warlord, 2 orc warriors and an orc priest (strong).

Vanquished Creatures
  A two-headed ogre (D:11)
  An obsidian bat (Orc:1)
  A cyclops (D:11)
  An orc sorcerer (Orc:1)
  A manticore (D:11)
  2 kobold blastminers (Orc:2)
  An unseen horror (D:11)
  A komodo dragon (D:11)
  9 trolls
  Grinder (D:6)
  A hornet (D:9)
  Sigmund (D:5)
  2 shadows
  An air elemental (D:10)
  A water elemental (D:10)
  3 wraiths
  5 yaks (D:9)
  A fire elemental (D:10)
  A steam dragon (D:10)
  3 wargs
  3 acid dragons
  2 water moccasins
  6 orc warriors
  4 black bears
  A sky beast (D:7)
  An ogre (Orc:1)
  2 centaurs
  2 wolves (D:10)
  A kobold brigand (D:4)
  A phantom (D:7)
  An elf zombie (Ossuary)
  3 gnoll sergeants
  An earth elemental (D:10)
  4 bullfrogs
  13 wights
  6 killer bees (D:8)
  5 howler monkeys
  2 electric eels (D:10)
  A human zombie (Ossuary)
  4 orc priests
  A bombardier beetle (D:5)
  7 hounds (D:10)
  2 jellies
  Crazy Yiuf (D:3)
  A gnoll bouda (D:7)
  Natasha (thrice) (D:3)
  3 iguanas
  5 orc wizards
  A hound zombie (Ossuary)
  4 mummies (Ossuary)
  5 adders
  20 gnolls
  A shadow imp (D:7)
  A white imp (D:5)
  2 ufetubi (D:4)
  3 adder zombies (Ossuary)
  A dart slug (D:1)
  2 ribbon worms
  47 orcs
  2 ball pythons
  5 bats
  6 endoplasms
  2 giant cockroaches
  5 goblins
  7 hobgoblins
  2 jackals (D:1)
  2 quokkas
  3 frilled lizards
  A goblin zombie (Ossuary)
  A hobgoblin zombie (Ossuary)
  2 jackal zombies (Ossuary)
  12 kobolds
  A kobold zombie (Ossuary)
  2 rats (D:2)
  A rat zombie (Ossuary)
265 creatures vanquished.

Vanquished Creatures (others)
  4 orcs
4 creatures vanquished.

Grand Total: 269 creatures vanquished

Notes
Turn   | Place    | Note
-------+----------+-------------------------------------------
     0 | D:1      | Shrooty the Minotaur Fighter began the quest for the Orb.
     0 | D:1      | Reached XP level 1. HP: 19/19 MP: 0/0
   141 | D:1      | Reached XP level 2. HP: 24/27 MP: 1/1
   361 | D:1      | Reached skill level 4 in Fighting
   488 | D:1      | Reached XP level 3. HP: 32/33 MP: 2/2
   818 | D:2      | Found an ancient bone altar of Kikubaaqudgha.
   826 | D:2      | Reached XP level 4. HP: 36/41 MP: 3/3
   829 | D:2      | Identified the +7 hand axe of the Median {heavy, *Rage
                  | rPois rN+ Str+3}
  1617 | D:3      | Noticed a black bear
  1623 | D:3      | Killed a black bear
  1624 | D:3      | Reached skill level 1 in Axes
  1624 | D:3      | Reached XP level 5. HP: 47/47 MP: 4/4
  1765 | D:3      | Noticed Natasha
  1768 | D:3      | Killed Natasha
  1829 | D:3      | Noticed Natasha
  1835 | D:3      | Killed Natasha
  1836 | D:3      | Reached skill level 5 in Fighting
  1836 | D:3      | Reached skill level 5 in Armour
  1836 | D:3      | Reached skill level 5 in Shields
  2053 | D:3      | Found a runed translucent door.
  2054 | D:3      | Noticed Crazy Yiuf
  2112 | D:3      | Noticed Natasha
  2115 | D:3      | Killed Natasha
  2116 | D:3      | Reached XP level 6. HP: 56/56 MP: 5/5
  2313 | D:3      | Killed Crazy Yiuf
  3031 | D:4      | Found a shimmering blue altar of Sif Muna.
  3046 | D:4      | Reached XP level 7. HP: 62/62 MP: 6/6
  3246 | D:4      | Found a bloodstained altar of Trog.
  3261 | D:4      | Reached skill level 6 in Fighting
  3584 | D:5      | Entered Level 5 of the Dungeon
  3764 | D:5      | Noticed Sigmund
  3769 | D:5      | Killed Sigmund
  3771 | D:5      | Reached XP level 8. HP: 71/71 MP: 7/7
  3967 | D:5      | Found a glowing silver altar of Zin.
  3967 | D:5      | Found a hazy altar of Hepliaklqana.
  4313 | D:6      | Reached skill level 5 in Axes
  4340 | D:6      | Noticed Grinder
  4340 | D:6      | Paralysed by Grinder for 3 turns
  4347 | D:6      | Killed Grinder
  4348 | D:6      | Reached skill level 7 in Fighting
  4456 | D:6      | Found a staircase to the Ecumenical Temple.
  5304 | D:7      | Found a sand-covered staircase.
  5314 | Ossuary  | Entered an ossuary
  5587 | D:7      | Reached skill level 8 in Fighting
  5587 | D:7      | Reached XP level 9. HP: 81/81 MP: 8/8
  6307 | D:8      | Reached skill level 9 in Fighting
  7126 | D:9      | Reached XP level 10. HP: 91/91 MP: 9/9
  7423 | D:9      | Reached skill level 10 in Fighting
  7576 | D:9      | Reached skill level 10 in Armour
  7610 | D:9      | Found a large runed translucent door.
  7611 | D:9      | Found a large runed translucent door.
  7613 | D:9      | Noticed Lovepenguin's ghost (journeyman SpBr)
  7869 | D:10     | Entered Level 10 of the Dungeon
  7871 | D:10     | Found a staircase to the Lair.
  7876 | D:10     | Reached skill level 10 in Shields
  7981 | D:10     | Found a large runed translucent door.
  8015 | D:10     | Found a large runed translucent door.
  8017 | D:10     | Became a worshipper of Beogh the Shepherd
  8458 | D:10     | Reached * piety under Beogh
  8708 | D:10     | Found Ciomyusu's Armour Shop.
  8708 | D:10     | Found a staircase to the Orcish Mines.
  8709 | D:10     | Found Meujuf's Weapon Shop.
  9015 | D:10     | Paralysed by an air elemental for 1 turns
  9269 | D:10     | Reached XP level 11. HP: 101/101 MP: 10/10
  9408 | D:11     | Reached skill level 10 in Axes
  9455 | D:11     | Reached skill level 11 in Fighting
  9482 | D:11     | Noticed a two-headed ogre
  9503 | D:11     | Killed a two-headed ogre
 10133 | Lair:1   | Entered Level 1 of the Lair of Beasts
 10222 | Orc:1    | Entered Level 1 of the Orcish Mines
 10222 | Orc:1    | Noticed an obsidian bat
 10226 | Orc:1    | Killed an obsidian bat
 10226 | Orc:1    | Noticed an orc sorcerer
 10235 | Orc:1    | Killed an orc sorcerer
 10350 | Orc:2    | Entered Level 2 of the Orcish Mines
 10404 | Orc:2    | Reached ** piety under Beogh
 10765 | Orc:2    | Found a staircase to the Elven Halls.
 10903 | Orc:2    | Noticed an orc warlord
 10905 | Orc:2    | Reached skill level 12 in Fighting
 10915 | Orc:2    | Slain by an orc warlord

Illustrated notes

Levels and vault maps discovered:
D:1:      minmay_arrival_open_corners, layout_loops_cross
D:2:      layout_loops_corners, basic_altar
D:3:      layout_rooms, serial_park_tiny_1, uniq_natasha,
          uniq_crazy_yiuf_cottage
D:4:      cheibrodos_thug_alley, layout_loops_ring,
          mainiacjoe_overflow_cross_hatched, trog_ov_bears_minmay,
          kennysheep_small_square
D:5:      layout_rooms, gammafunk_temple_overflow_wave,
          chequers_serial_rivers_micro_d, ebering_dispersal_statue_hall,
          uniq_sigmund
D:6:      layout_basic, minmay_temple_entry_gardened_gates, uniq_grinder
D:7:      layout_basic, mainiacjoe_ossuary_entry_dusty_tomb
D:8:      layout_basic, uniq_prince_ribbit1
D:9:      layout_roguey, ebering_ghost_disaster_area
D:10:     layout_roguey [special_room_orc], erik_lair_island, orc_david_3,
          lightli_elemental_guards
D:11:     layout_big_octagon, serial_column_ruins, column_ruins_hut_water,
          column_ruins_columns_plus, column_ruins_columns_dead_end,
          column_ruins_open_tiny_water, column_ruins_corridor_dead_end,
          serial_library_hellmonk_h_bend, nrook_loot_triangle
D:12:     layout_rooms, nicolae_eternal_life
Lair:1:   layout_misc_corridors, gammafunk_ghost_split, lemuel_fruit_fields,
          uniq_erica
Orc:1:    layout_caves, serial_shops, nicolae_shop_behind_doors, uniq_snorg
Orc:2:    grunt_orc_cross, layout_caves, basic_altar

Skill      XL: |  1  2  3  4  5  6  7  8  9 10 11 |
---------------+----------------------------------+-----
Fighting       | 4 5 6 8 9 10 12 | 12.0
Armour         | 4 5 6 7 9 10 11 | 11.9
Shields        | 4 5 6 7 9 10 11 | 11.9
Maces & Flails | 3 |  3.3
Axes           | 1 2 3 4 6 8 9 11 | 11.2

Action                     |  1- 3 |  4- 6 |  7- 9 | 10-12 || total
---------------------------+-------+-------+-------+-------++-------
  Melee: Flail             |    56 |       |       |       ||    56
         Headbutt          |    10 |     4 |    30 |    40 ||    84
         Hand axe          |       |    53 |   167 |   231 ||   451
  Throw: Dart              |       |       |       |     3 ||     3
 Invoke: Convert to Beogh  |       |       |       |     1 ||     1
 Armour: Scale mail        |    42 |    49 |    47 |       ||   138
         Ring mail         |       |       |    70 |   227 ||   297
  Dodge: Dodged            |    24 |    23 |    87 |   120 ||   254
  Block: Buckler           |    10 |    14 |    74 |   116 ||   214

Table legend: (Time is in decaauts)
 A = Elapsed time spent in this place.
 B = Non-inter-level travel time spent in this place.
 C = Inter-level travel time spent in this place.
 D = Time resting spent in this place.
 E = Time spent auto-exploring this place.
 F = Levels seen in this place.
 G = Mean time per level.
                   A        B        C        D        E       F      G
               +--------+--------+--------+--------+--------+-----+--------+
         Total |  11641 |  11299 |    342 |    977 |   6258 |  16 |  727.6 |
       Dungeon |  10624 |  10300 |    324 |    674 |   5982 |  12 |  885.3 |
          Lair |      4 |      4 |      0 |      0 |      0 |   1 |    4.0 |
  Orcish Mines |    738 |    720 |     18 |    303 |    173 |   2 |  369.0 |
       Ossuary |    274 |    274 |      0 |      0 |    103 |   1 |  274.0 |
               +--------+--------+--------+--------+--------+-----+--------+

Top non-repeatable levels by time:
    D:10: 1768 daAuts
     D:4: 1211 daAuts
     D:8: 1183 daAuts
     D:2: 1005 daAuts
     D:3: 916 daAuts
     D:9: 908 daAuts
     D:7: 803 daAuts
    D:11: 772 daAuts
     D:5: 732 daAuts
     D:6: 687 daAuts
     D:1: 633 daAuts
   Orc:2: 415 daAuts
   Orc:1: 322 daAuts
 Ossuary: 274 daAuts
  Lair:1: 4 daAuts
